 Dungeon Crawl Stone Soup version 0.28-a0-706-gf6f64a6 (webtiles) character file.

Game seed: 14333505581500387173

413 Nithhogg the Skirmisher (level 6, -19/58 HPs)
             Began as a Hill Orc Fighter on Oct 24, 2021.
             Demolished by an ogre (25 damage)
             ... on level 4 of the Dungeon.
             The game lasted 00:07:55 (4291 turns).

Nithhogg the Skirmisher (Hill Orc Fighter)          Turns: 4291, Time: 00:07:56

Health: -19/58     AC:  9    Str: 21    XL:     6   Next: 91%
Magic:  6/6        EV:  9    Int:  8    God:
Gold:   245        SH:  0    Dex: 22    Spells: 5/5 levels left

rFire   . . .      SeeInvis .   a - +0 war axe
rCold   . . .      Faith    +   (no shield)
rNeg    . . .      Spirit   .   b - +0 scale mail
rPois   .          Reflect  .   g - +1 helmet
rElec   .          Harm     .   (no cloak)
rCorr   .          Rampage  .   (no gloves)
Will    .....                   (no boots)
Stlth   ..........              l - amulet of faith
HPRegen 0.19/turn               h - +6 ring of dexterity
MPRegen 0.10/turn               k - +6 ring of dexterity

@: mighty, unable to read
A: hooves 1, mutation resistance 1, inability to read while threatened
a: no special abilities


You were on level 4 of the Dungeon.
You visited 2 branches of the dungeon, and saw 5 of its levels.

You collected 245 gold pieces.

Inventory:

Hand Weapons
 a - a +0 war axe (weapon)
Armour
 b - a +0 scale mail (worn)
 c - a +1 buckler
 e - a +0 plate armour
 g - a +1 helmet (worn)
Jewellery
 h - a +6 ring of dexterity (left hand)
 k - a +6 ring of dexterity (right hand)
 l - an amulet of faith (around neck)
 m - a ring of poison resistance
Scrolls
 i - a scroll of teleportation
 p - a scroll of enchant armour
Potions
 f - a potion of curing {unknown}
 j - a potion of lignification {unknown}
 n - a potion of heal wounds {unknown}
 o - a potion of flight {unknown}


   Skills:
 + Level 6.9 Fighting
 + Level 6.9 Axes
 - Level 3.2 Armour
 - Level 3.2 Shields


You had 5 spell levels left.
You didn't know any spells.
Your spell library contained the following spells:

 Spells                   Type           Power      Damage    Failure   Level
 Freeze                   Ice            0%         1d3       75%         1
 Shock                    Conj/Air       0%         1d3       75%         1
 Frozen Ramparts          Ice            0%         1d2       98%         3
 Swiftness                Air            0%         N/A       98%         3
 Airstrike                Air            0%         N/A       100%        4
 Hailstorm                Conj/Ice       0%         3d3       100%        4


Dungeon Overview and Level Annotations

Branches:
Dungeon (4/15)             Temple (1/1) D:4

Altars:
Ashenzari
Fedhas
Kikubaaqudgha
Okawaru
Sif Muna
Trog
Uskayaw
Yredelemnul
The Shining One
Beogh


Innate Abilities, Weirdness & Mutations

You have large cloven feet.
You are somewhat resistant to further mutation.
You sometimes lose the ability to read scrolls when taking damage.


Message History

Where to? (Enter - D:3, ? - help)
There is a stone staircase leading down here.
You climb downwards.
There is a stone staircase leading up here.
(D) Dungeon (T) Temple
Where to? (Enter - D:4, ? - help) Sorry, I don't know how to get there.
You climb upwards.
There is a stone staircase leading down here.
You climb downwards.
There is a stone staircase leading up here.
Found 22 arrows.
An orc and an ogre come into view.
The orc is wielding a +1 vorpal falchion.
Found a stone staircase leading down.
The orc shouts!
There are monsters nearby!
An ogre comes into view. It is wielding a +0 giant spiked club.
Found a scroll labelled GIUGRY ZUPT.
You see here 10 stones.
You slash the ogre! You kick the ogre.
The ogre is heavily wounded.
You hit the orc. The orc closely misses you. The ogre barely misses you.
You slash the ogre! Your kick misses the ogre.
The ogre is severely wounded.
You hit the ogre. You slash the orc!
You kill the orc!
The ogre hits you with a +0 giant spiked club!
The ogre hits you with a +0 giant club!!
You feel threatened and lose the ability to read scrolls!
You feel very mighty all of a sudden. The ogre misses you.
You slice the ogre!! Your kick misses the ogre.
The ogre is almost dead.
The ogre hits you with a +0 giant spiked club!!
* * * LOW HITPOINT WARNING * * *
You slash the ogre!
You kill the ogre!
The ogre hits you with a +0 giant club!!
You die...

#.# ##........ #.#
##......... #.#
###.........# #.#
#...........# #####.#
##.#.........#
...#.###...#.........
#.#.##.###.#......##
#......# #.##...#.#
##.###.#@##.###.#
####.#
......)#O###...##
#(.....###
.......(..##.#
.?#.#.#.#.##.#
.......##.#
#.....#.##.#
.......>.##.#
..#.....#....#


You could see an ogre.

Vanquished Creatures
  2 ogres (D:4)
  A scorpion (D:4)
  A hound (D:4)
  Jessica (D:3)
  An orc wizard (D:3)
  Robin (D:3)
  4 adders
  2 ufetubi (D:4)
  A worm (D:2)
  4 dart slugs
  10 orcs
  4 ball pythons
  8 bats
  11 endoplasms
  2 giant cockroaches (D:1)
  18 goblins
  11 hobgoblins
  10 jackals
  2 quokkas
  3 frilled lizards
  4 kobolds
  5 rats
106 creatures vanquished.

Notes
Turn   | Place    | Note
-------+----------+-------------------------------------------
     0 | D:1      | Nithhogg the Hill Orc Fighter began the quest for the Orb.
     0 | D:1      | Reached XP level 1. HP: 19/19 MP: 1/1
   230 | D:1      | Reached XP level 2. HP: 8/27 MP: 2/2
   790 | D:1      | Found a roughly hewn altar of Beogh.
   800 | D:1      | Reached XP level 3. HP: 34/34 MP: 3/3
   824 | D:1      | Found a faded altar of an unknown god.
  1584 | D:2      | Reached XP level 4. HP: 36/41 MP: 4/4
  1843 | D:2      | Reached skill level 5 in Fighting
  2242 | D:3      | Noticed Robin
  2366 | D:3      | Killed Robin
  2371 | D:3      | Reached skill level 5 in Axes
  2604 | D:3      | Reached XP level 5. HP: 47/48 MP: 5/5
  2680 | D:3      | Noticed Jessica
  2685 | D:3      | Killed Jessica
  3376 | D:3      | Gained mutation: You have large cloven feet. [potion of
                  | mutation]
  3376 | D:3      | Gained mutation: You sometimes lose the ability to read
                  | scrolls when taking damage. [potion of mutation]
  3376 | D:3      | Gained mutation: You are somewhat resistant to further
                  | mutation. [potion of mutation]
  3619 | D:4      | Reached XP level 6. HP: 52/57 MP: 6/6
  3862 | D:4      | Found a staircase to the Ecumenical Temple.
  3874 | Temple   | Entered the Ecumenical Temple
  4291 | D:4      | Demolished by an ogre

Illustrated notes

Levels and vault maps discovered:
D:1:      dpeg_arrival_tiny_a, layout_rooms,
          hellmonk_ecumenical_altar_defaced_shrine,
          chequers_serial_rivers_micro_c
D:2:      cheibrodos_greedy_goblins, layout_loops_ring, dk_noncrumbling_3,
          dk_noncrumbling_2
D:3:      layout_loops_ring, minmay_misc_feat_iff, uniq_jessica, uniq_robin
D:4:      layout_loops_ring, general_overflow_altar, lemuel_crystal_altar,
          minmay_temple_entry_overgrown, grunt_ministairs_1,
          minmay_misc_feat_alley, amcnicky_mini_rare_corridor_liquid,
          minmay_statues_item, st_stairs_2
Temple:   jpeg_temple_island

Skill      XL: |  1  2  3  4  5  6 |
---------------+-------------------+-----
Axes           | 3 4 5 6 |  6.9
Fighting       | 4 5 6 |  6.9
Armour         | |  3.2
Shields        | |  3.2

Action                   |  1- 3 |  4- 6 || total
-------------------------+-------+-------++-------
Melee: War axe           |   102 |   158 ||   260
       Unarmed           |       |     4 ||     4
       Kick              |       |    15 ||    15
  Use: Potion            |       |     4 ||     4
       Scroll            |       |     4 ||     4
Armor: Scale mail        |    50 |    87 ||   137
       Skin              |       |     1 ||     1
Dodge: Dodged            |    70 |    79 ||   149

Table legend: (Time is in decaauts)
 A = Elapsed time spent in this place.
 B = Non-inter-level travel time spent in this place.
 C = Inter-level travel time spent in this place.
 D = Time resting spent in this place.
 E = Time spent auto-exploring this place.
 F = Levels seen in this place.
 G = Mean time per level.
                   A        B        C        D        E       F      G
               +--------+--------+--------+--------+--------+-----+--------+
         Total |   4363 |   4118 |    245 |    190 |   3168 |   5 |  872.6 |
       Dungeon |   4205 |   3981 |    224 |    190 |   3037 |   4 | 1051.2 |
        Temple |    157 |    136 |     21 |      0 |    130 |   1 |  157.0 |
               +--------+--------+--------+--------+--------+-----+--------+

Top non-repeatable levels by time:
     D:2: 1645 daAuts
     D:3: 1167 daAuts
     D:1: 967 daAuts
     D:4: 424 daAuts
  Temple: 157 daAuts
